 Dungeon Crawl Stone Soup version 0.29.0-11-gd7f09526c8 (webtiles) character file.

Game seed: 18391034422955917140

92936 magipi the Severer (level 17, -3/146 HPs)
             Began as a Meteoran Fighter on Sept 6, 2022.
             Was a High Priest of Makhleb.
             Succumbed to a nagaraja's poison arrow
             ... on level 4 of the Snake Pit.
             The game lasted 01:10:58 (10446 turns).

magipi the Severer (Meteoran Fighter)              Turns: 10446, Time: 01:10:58

Health: -3/146     AC: 22    Str: 24    XL:     17   Next: 10%
Magic:  9/27       EV: 18    Int:  9    God:    Makhleb [*****.]
Gold:   187        SH:  0    Dex: 17    Spells: 16/16 levels left

rFire   + . .      SeeInvis .   a - +5 broad axe (drain)
rCold   . . .      Faith    .   M - +2 tower shield {AC+3}
rNeg    . . .      Spirit   +   K - +0 swamp dragon scales
rPois   +          Reflect  .   h - +2 helmet
rElec   .          Harm     .   q - +1 cloak
rCorr   .          Rampage  .   H - +0 pair of gloves
Will    ++...      NoTele   +   A - +0 pair of boots
Stlth   ..........              r - amulet of guardian spirit
HPRegen 0.34/turn               f - ring of protection from fire
MPRegen 0.20/turn               v - +4 ring of evasion

@: confused, mighty, lethally poisoned (-3 -> -32), ambrosia-drunk,
untranslocatable, glowing, bezotted
A: sense surroundings 2, otherworldly, glowing, explore regen
a: Renounce Religion, Minor Destruction, Lesser Servant of Makhleb, Major
Destruction, Greater Servant of Makhleb


You were on level 4 of the Snake Pit.
You worshipped Makhleb.
Makhleb was extremely pleased with you.
You visited 4 branches of the dungeon, and saw 20 of its levels.
You also visited: Sewer and Ossuary.

You collected 1037 gold pieces.
You spent 850 gold pieces at shops.

Inventory:

Hand Weapons
 a - a +5 broad axe of draining (weapon)
 b - a +2 whip of electrocution
 y - a +2 broad axe
Missiles
 x - 3 boomerangs of dispersal (quivered)
 Q - 5 curare-tipped darts
 U - 8 boomerangs
Armour
 e - an orb of light
 h - a +2 helmet (worn)
 q - a +1 cloak (worn)
 A - a +0 pair of boots (worn)
 D - a +1 chain mail of fire resistance
 H - a +0 pair of gloves (worn)
 K - +0 swamp dragon scales (worn)
 M - a +2 tower shield of protection (worn)
 T - a +1 ring mail of cold resistance
Jewellery
 c - a ring of protection from cold
 f - a ring of protection from fire (left hand)
 m - a ring of willpower
 r - an amulet of guardian spirit (around neck)
 v - a +4 ring of evasion (right hand)
 O - a ring of flight
Wands
 d - a wand of digging (4)
 k - a wand of polymorph (10)
 n - a wand of roots (4)
 I - a wand of paralysis (11)
 J - a wand of mindburst (5)
Scrolls
 g - a scroll of teleportation
 i - 2 scrolls of fear
 j - 2 scrolls of identify
 l - 3 scrolls of magic mapping
 L - 3 scrolls of enchant armour
 P - a scroll of silence
 V - a scroll of fog
Potions
 o - 2 potions of magic
 s - 4 potions of might
 w - 3 potions of mutation
 z - 4 potions of lignification
 B - 6 potions of flight
 C - 3 potions of attraction
 E - 2 potions of invisibility
 F - 2 potions of ambrosia
 N - a potion of cancellation
 R - 4 potions of resistance
Miscellaneous
 u - a condenser vane (inert)


   Skills:
 + Level 12.2 Fighting
 - Level 18.0 Axes
 + Level 12.2 Throwing
 - Level 11.0 Armour
 - Level 11.0 Dodging
 + Level 10.1 Shields
 - Level 12.0 Invocations
 + Level 10.3 Evocations


You had 16 spell levels left.
You didn't know any spells.
Your spell library contained the following spells:

 Spells                   Type           Power      Damage    Failure   Level
 Apportation              Tloc           0%         N/A       98%         1
 Beastly Appendage        Tmut           0%         N/A       98%         1
 Necrotise                Necr           0%         1d4       98%         1
 Summon Small Mammal      Summ           0%         N/A       98%         1
 Blink                    Tloc           0%         N/A       99%         2
 Sublimation of Blood     Necr           0%         N/A       99%         2
 Wereblood                Tmut           0%         N/A       99%         2
 Spider Form              Tmut/Pois      0%         N/A       100%        3
 Tukima's Dance           Hex            0%         N/A       100%        3
 Airstrike                Air            0%         2d(0-16)  100%        4
 Passage of Golubria      Tloc           0%         N/A       100%        4
 Summon Lightning Spire   Summ/Air       0%         N/A       100%        4
 Lightning Bolt           Conj/Air       0%         1d11      100%        5
 Manifold Assault         Tloc           0%         N/A       100%        5
 Yara's Violent Unravell  Hex/Tmut       0%         3d3       100%        5
 Storm Form               Tmut/Air       0%         N/A       100%        7
 Summon Hydra             Summ           0%         N/A       100%        7


Dungeon Overview and Level Annotations

Branches:
Dungeon (10/15) Zot: 855   Temple (1/1) D:4 Zot: 564    Lair (5/5) D:8 Zot: 474
 Shoals (0/4) Lair:2        Snake (4/4) Lair:3 Zot: 7     Orc (0/2) D:10
  Sewer (visited)         Ossuary (visited)
  Slime: Lair:4-5

Altars:
Ashenzari
Cheibriados
Dithmenos
Elyvilon
Fedhas
Gozag
Hepliaklqana
Kikubaaqudgha
Makhleb
Nemelex Xobeh
Okawaru
Qazlal
Ru
Sif Muna
Trog
Uskayaw
Vehumet
Wu Jian
Xom
Yredelemnul
Zin
The Shining One
Lugonu

Shops:
D:3 [   Snake:2 =:=

Annotations:
D:6 1 runed translucent door, OdinFK's ghost, amateur FoVM
Lair:5 3 runed translucent doors, heinrich's ghost, journeyman DsGl


Innate Abilities, Weirdness & Mutations

You passively map the area around you.
You are easily found by Zot.
You glow in the dark.
You regain HP and MP as you explore.


Message History

You feel strangely unstable.
You feel sick. The naga mage spits poison at you.
The splash of poison hits you but does no damage.
You resist. The nagaraja spits poison at you. You block the splash of poison.
The naga warrior roars a battlecry!
The nagas go into a battle-frenzy!
Unknown command.
You feel sick.
The nagaraja gestures at you while chanting.
You feel firmly anchored in space.
Your teleport is interrupted.
Unknown command.
Unknown command.
Unknown command.
You feel sick. Zot has nearly found you.
Suffering is approaching.
Descend or flee this branch!
Unknown command.
You feel sick.
You are no longer poisoned.
The nagaraja points at you and mumbles some strange words.
The bolt of poison hits you!
You are lethally poisoned!
You resist.
* * * LOW HITPOINT WARNING * * *
Things that are here:
a +0 trident; a +0 robe Unknown command.
Unknown command.
You are confused.
You feel invigorated.
* * * LOW HITPOINT WARNING * * *
You feel very sick.
The naga mage points at something and mumbles some strange words.
The nagaraja points at you and mumbles some strange words.
The poison arrow hits you but does no damage.
You are more poisoned.
Unknown command.
Unknown command.
You die...

...#)...#
##...###....##...##....
........# #....# ,
N.((##)..#.... ........#
#...## ....#...##... #.......#
#...# ,, ...##)..##..
##......# #.).# #...#)..###.
###.....###...## ,#...#)..####
.###.....###.))##
,##N).#...#..) .#
#......##....## ##....#...#...
†#
#.......##...@###N...##)..#...
.#
#........##....N[.[..#...##...
.#
#.........##...N....##...#....
##
#....#.....##.....###...##....
#
#....##.....#######))...#.....
#
#....###...........)...##....#
#....#.###...........###.....#
#....#...###......####.....###
#....#[....########......###


You could see a nagaraja (fast, strong, drained) and a naga mage (fast, strong,
drained).

Vanquished Creatures
  11 nagarajas (Snake:4)
  Nessos (Lair:4)
  A fire dragon (Lair:5)
  3 hydras
  3 salamander tyrants
  Erica (D:10)
  12 naga warriors
  9 anacondas
  A two-headed ogre (D:9)
  5 death yaks (Lair:5)
  3 naga sharpshooters
  5 shock serpents
  Sonja (Lair:4)
  3 salamander mystics (Snake:4)
  4 sea snakes (Snake:3)
  A swamp dragon (Lair:5)
  4 naga ritualists
  14 salamanders
  3 elephants (Lair:5)
  11 naga magi
  3 guardian serpents (Snake:4)
  18 black mambas
  Maggie (D:7)
  7 rime drakes
  10 cane toads
  8 komodo dragons
  10 polar bears
  4 trolls
  9 blink frogs
  2 raiju (Lair:5)
  9 dream sheep (Lair:3)
  A hornet (D:10)
  2 wyverns (Lair:2)
  2 shadows (D:9)
  A wraith (Ossuary)
  2 basilisks
  16 yaks
  Grum (D:8)
  6 steam dragons
  25 nagas
  4 wargs (Lair:5)
  An acid dragon (Lair:5)
  8 water moccasins
  Duvessa (D:7)
  15 hell hounds (Lair:5)
  3 ice beasts
  13 black bears
  4 sky beasts
  A swamp drake (Lair:5)
  35 wolves
  3 centaurs
  A phantom (D:5)
  4 kobold brigands
  An elf zombie (D:4)
  11 bullfrogs
  2 scorpions (D:6)
  2 jellies
  8 wights
  Dowan (D:7)
  8 killer bees
  6 electric eels
  5 howler monkeys
  7 hounds
  3 orc priests
  4 iguanas
  13 orc wizards
  A human skeleton (D:4)
  A mummy (Ossuary)
  6 adders
  4 gnolls (D:7)
  A river rat (D:3)
  A white imp (D:7)
  An ufetubus (D:5)
  2 worms
  2 dart slugs
  39 orcs
  3 bats
  7 endoplasms
  10 giant cockroaches
  8 goblins
  11 hobgoblins
  4 jackals (D:1)
  12 quokkas
  14 ball pythons
  16 frilled lizards
  24 kobolds
  4 kobold skeletons (Ossuary)
  6 orc skeletons
  An orc zombie (D:4)
  6 rats
  A spectral hobgoblin (D:2)
582 creatures vanquished.

Vanquished Creatures (collateral kills)
  A nagaraja (Snake:4)
  2 naga sharpshooters (Snake:4)
  A naga (Snake:4)
4 creatures vanquished.

Vanquished Creatures (others)
  A naga (Snake:4)
  2 bushes (Lair:5)
  28 fungi
  155 plants
186 creatures vanquished.

Grand Total: 772 creatures vanquished

Notes
Turn   | Place    | Note
-------+----------+-------------------------------------------
     0 | D:1      | magipi the Meteoran Fighter began the quest for the Orb.
     0 | D:1      | Reached XP level 1. HP: 19/19 MP: 2/2
    54 | D:1      | Reached skill level 3 in Axes
    54 | D:1      | Reached XP level 2. HP: 23/26 MP: 3/3
   268 | D:1      | Reached XP level 3. HP: 31/31 MP: 4/4
   364 | D:1      | Reached skill level 4 in Axes
   469 | D:1      | Glimpsed the power of Zot.
   583 | D:2      | Reached XP level 4. HP: 37/38 MP: 5/5
   715 | D:2      | Found a faded altar of an unknown god.
   790 | D:2      | Reached skill level 5 in Axes
  1036 | D:3      | Found a glowing drain.
  1046 | Sewer    | Entered a sewer
  1077 | Sewer    | Reached XP level 5. HP: 45/45 MP: 6/6
  1115 | Sewer    | Reached skill level 1 in Evocations
  1159 | Sewer    | Reached skill level 1 in Throwing
  1314 | Sewer    | Noticed a bullfrog
  1317 | Sewer    | Noticed a bullfrog
  1319 | Sewer    | Killed a bullfrog
  1320 | Sewer    | Reached skill level 6 in Axes
  1320 | Sewer    | Reached XP level 6. HP: 50/51 MP: 7/7
  1396 | D:3      | Found Otseghul's Armour Shoppe.
  1462 | D:3      | Reached XP level 7. HP: 29/57 MP: 8/8
  1706 | D:4      | Reached skill level 7 in Axes
  1769 | D:4      | Found a staircase to the Ecumenical Temple.
  1782 | Temple   | Entered the Ecumenical Temple
  2017 | D:4      | Reached XP level 8. HP: 63/63 MP: 9/9
  2027 | D:4      | Found a sand-covered staircase.
  2037 | Ossuary  | Entered an ossuary
  2037 | Ossuary  | Noticed a wraith
  2037 | Ossuary  | Noticed a wraith
  2037 | Ossuary  | Noticed a wraith
  2104 | Ossuary  | Noticed a wraith
  2114 | Ossuary  | Killed a wraith
  2115 | Ossuary  | Reached skill level 8 in Axes
  2248 | D:5      | Entered Level 5 of the Dungeon
  2598 | D:5      | Reached skill level 9 in Axes
  2633 | D:6      | Reached skill level 5 in Throwing
  2633 | D:6      | Reached skill level 5 in Evocations
  2738 | D:6      | Gained mutation: You passively map the area around you.
                  | [Meteoran growth]
  2738 | D:6      | Reached XP level 9. HP: 70/70 MP: 10/10
  2746 | D:7      | Noticed Dowan
  2747 | D:7      | Noticed Duvessa
  2813 | D:7      | Reached skill level 1 in Dodging
  2858 | D:6      | Found a runed translucent door.
  2858 | D:6      | Noticed OdinFK's ghost (amateur FoVM)
  2995 | D:6      | Found an iron altar of Okawaru.
  3131 | D:8      | Reached skill level 10 in Axes
  3205 | D:8      | Noticed a troll
  3208 | D:8      | Reached XP level 10. HP: 67/80 MP: 11/11
  3216 | D:8      | Reached skill level 5 in Shields
  3223 | D:8      | Reached skill level 5 in Armour
  3252 | D:8      | Found a broken altar of Ashenzari.
  3267 | D:8      | Found a snail-covered altar of Cheibriados.
  3271 | D:8      | Found a hazy altar of Hepliaklqana.
  3440 | D:8      | Reached skill level 5 in Fighting
  3441 | D:8      | Reached skill level 11 in Axes
  3509 | D:8      | Found a radiant altar of Vehumet.
  3629 | D:8      | Found a staircase to the Lair.
  3634 | D:8      | Noticed Grum
  3660 | D:8      | Killed Grum
  3730 | D:9      | Noticed a two-headed ogre
  3739 | D:9      | Killed a two-headed ogre
  3740 | D:9      | Reached XP level 11. HP: 51/88 MP: 12/12
  3768 | D:9      | Identified the ring "Fynoxt" {Fire MP+9 Int+2}
  3835 | D:9      | Found a shimmering blue altar of Sif Muna.
  4015 | D:9      | Reached skill level 5 in Dodging
  4188 | D:9      | Found an opulent altar of Gozag.
  4189 | D:9      | Found a sparkling altar of Nemelex Xobeh.
  4218 | D:10     | Entered Level 10 of the Dungeon
  4226 | D:10     | Paralysed by a hornet for 3 turns
  4234 | D:10     | Reached skill level 12 in Axes
  4254 | D:10     | Found an ornate altar of the Wu Jian Council.
  4314 | D:10     | Noticed Erica
  4341 | D:10     | Killed Erica
  4534 | D:10     | Found a staircase to the Orcish Mines.
  4708 | D:10     | Found a bloodstained altar of Trog.
  5145 | D:7      | Killed Duvessa
  5149 | D:7      | Noticed Maggie
  5150 | D:7      | Killed Dowan
  5163 | D:7      | Killed Maggie
  5227 | D:7      | Identified the +4 trident "Ciyquczo" {freeze, rF++}
  5258 | D:7      | Reached XP level 12. HP: 87/97 MP: 13/13
  5310 | D:7      | Found a shadowy altar of Dithmenos.
  5320 | D:7      | Found a glowing golden altar of the Shining One.
  5320 | D:7      | Found a sacrificial altar of Ru.
  5328 | D:7      | Found a stormy altar of Qazlal.
  5329 | D:7      | Found a burning altar of Makhleb.
  5338 | D:7      | Became a worshipper of Makhleb the Destroyer
  5406 | Lair:1   | Entered Level 1 of the Lair of Beasts
  5478 | Lair:1   | Noticed a seven-headed hydra
  5492 | Lair:1   | HP: 4/96 [seven-headed hydra (10)]
  5493 | Lair:1   | HP: 1/96 [seven-headed hydra (2)]
  5494 | Lair:1   | Killed a seven-headed hydra
  5623 | Lair:1   | Reached skill level 13 in Axes
  5776 | Lair:1   | Noticed a death yak
  5777 | Lair:1   | Noticed a death yak
  5777 | Lair:1   | Noticed a death yak
  5777 | Lair:1   | Noticed a death yak
  5778 | Lair:1   | Noticed a death yak
  6034 | Lair:2   | Found a staircase to the Shoals.
  6241 | Lair:3   | Reached * piety under Makhleb
  6319 | Lair:3   | Noticed a five-headed hydra
  6330 | Lair:3   | Killed a five-headed hydra
  6399 | Lair:3   | Reached XP level 13. HP: 91/105 MP: 11/14
  6454 | Lair:3   | Found a staircase to the Snake Pit.
  6673 | Lair:4   | Reached skill level 14 in Axes
  6841 | Lair:4   | You fall into a shaft and drop 1 floor!
  6841 | Lair:5   | Entered Level 5 of the Lair of Beasts
  6841 | Lair:5   | Noticed an anaconda
  6846 | Lair:5   | Reached ** piety under Makhleb
  6851 | Lair:5   | Killed an anaconda
  6886 | Lair:5   | Noticed a five-headed hydra
  6895 | Lair:5   | Killed a five-headed hydra
  6983 | Lair:5   | Reached *** piety under Makhleb
  7049 | Lair:5   | Reached skill level 10 in Throwing
  7060 | Lair:5   | Reached skill level 15 in Axes
  7149 | Lair:5   | Reached XP level 14. HP: 109/116 MP: 13/15
  7229 | Lair:5   | Reached skill level 10 in Evocations
  7329 | Lair:5   | Reached **** piety under Makhleb
  7370 | Lair:5   | Found a runed translucent gate.
  7370 | Lair:5   | Found a runed translucent gate.
  7370 | Lair:5   | Found a runed translucent gate.
  7371 | Lair:5   | Noticed heinrich's ghost (journeyman DsGl)
  7529 | Lair:5   | Noticed a fire dragon
  7543 | Lair:5   | Killed a fire dragon
  7544 | Lair:5   | Reached skill level 10 in Armour
  7544 | Lair:5   | Reached skill level 10 in Shields
  7660 | Lair:4   | Noticed Nessos
  7664 | Lair:4   | Killed Nessos
  7753 | Lair:4   | Reached skill level 16 in Axes
  7770 | Lair:4   | Noticed Sonja
  7772 | Lair:4   | Killed Sonja
  7989 | Snake:1  | Entered Level 1 of the Snake Pit
  8161 | Snake:1  | Reached XP level 15. HP: 125/125 MP: 16/16
  8350 | Snake:2  | Found Apahakk's Jewellery Emporium.
  8351 | Snake:2  | Found Geash's Book Shop.
  8358 | Snake:2  | Reached ***** piety under Makhleb
  8359 | Snake:2  | Found Pulaen's Jewellery Emporium.
  8364 | Snake:2  | Bought a ring of protection from cold for 425 gold pieces
  8364 | Snake:2  | Bought a ring of willpower for 425 gold pieces
  8575 | Snake:2  | Reached skill level 10 in Dodging
  8886 | Snake:3  | Reached skill level 10 in Fighting
  8926 | Snake:3  | Reached skill level 17 in Axes
  9252 | Snake:4  | Entered Level 4 of the Snake Pit
  9469 | Snake:3  | Reached skill level 18 in Axes
  9499 | Snake:4  | Reached XP level 16. HP: 137/137 MP: 17/17
  9671 | Snake:4  | Reached skill level 1 in Invocations
  9739 | Snake:4  | Noticed a nagaraja
  9763 | Snake:4  | Killed a nagaraja
  9796 | Snake:4  | Reached skill level 5 in Invocations
  9876 | Snake:4  | Noticed a nagaraja
  9885 | Snake:4  | Killed a nagaraja
  9893 | Snake:4  | Noticed a nagaraja
  9904 | Snake:4  | Killed a nagaraja
  9941 | Snake:4  | Noticed a nagaraja
  9947 | Snake:4  | Killed a nagaraja
  9952 | Snake:4  | Noticed a nagaraja
  9962 | Snake:4  | Killed a nagaraja
  9990 | Snake:4  | Noticed a nagaraja
 10017 | Snake:4  | Killed a nagaraja
 10073 | Snake:4  | Reached skill level 10 in Invocations
 10136 | Snake:4  | Noticed a nagaraja
 10150 | Snake:4  | Killed a nagaraja
 10159 | Snake:4  | Noticed a nagaraja
 10176 | Snake:4  | Killed a nagaraja
 10215 | Snake:4  | Noticed a nagaraja
 10239 | Snake:4  | Killed a nagaraja
 10240 | Snake:4  | Noticed a nagaraja
 10265 | Snake:4  | Killed a nagaraja
 10296 | Snake:4  | Reached XP level 17. HP: 83/146 MP: 24/26
 10296 | Snake:4  | Noticed a nagaraja
 10301 | Snake:4  | Noticed a nagaraja
 10305 | Snake:4  | Noticed a nagaraja
 10353 | Snake:4  | Glimpsed the power of Zot.
 10403 | Snake:4  | Glimpsed the power of Zot.
 10410 | Snake:4  | Killed a nagaraja
 10436 | Snake:4  | Killed a nagaraja
 10442 | Snake:4  | HP: 7/146 [poisoned by a naga mage (splash of poison)]
 10443 | Snake:4  | Glimpsed the power of Zot.
 10444 | Snake:4  | HP: 1/146 [nagaraja/bolt of poison (5)]
 10446 | Snake:4  | Succumbed to a nagaraja's poison arrow

Illustrated notes

Levels and vault maps discovered:
D:1:      minmay_arrival_radiant_lines, layout_loops_corners,
          nrook_loot_triangle
D:2:      layout_loops_ring, dreamdust_ecumenical_altar_drowned_temple,
          minmay_tetromino_s4, uniq_crazy_yiuf_cottage
D:3:      layout_basic, serial_shops, nicolae_shop_window_shopping,
          gup_sewer_entry_bubbles
D:4:      layout_rooms, minmay_temple_entry_drinking_statues,
          nicolae_ossuary_entry_catacombs
D:5:      layout_layer_cave
D:6:      layout_loops_ring, amcnicky_altar_gilded, gammafunk_ghost_grave
D:7:      layout_cave_pools, minmay_overflow_temple_star_hex, uniq_maggie,
          uniq_duvessa
D:8:      cheibrodos_steamvent, layout_basic, old_standard_altar,
          nzn_hepliaklqana_mist_gate,
          chequers_temple_overflow_statue_of_worship, erik_lair_island,
          uniq_grum
D:9:      layout_roguey, grunt_temple_overflow_opulence,
          mainiacjoe_overflow_boulevard, minmay_misc_feat_enclosed
D:10:     layout_irregular_city, mainiacjoe_overflow_alcove_2,
          mainiacjoe_overflow_paths, david_orc_2, uniq_erica
Temple:   corrupted_temple
Lair:1:   layout_hall_layers, gammafunk_lair_bear_cave
Lair:2:   layout_roguey, elwin_shoals_entry_rocks
Lair:3:   layout_cellular_growth, minmay_snake_entry_guardpost_small,
          grunt_megastairs_1
Lair:4:   layout_cave_pods, nicolae_slime_entry_slimehenge,
          serial_bayou_shore_a, uniq_nessos, uniq_sonja
Lair:5:   guppyfry_lair_end_dragon, layout_loops_ring,
          hangedman_lair_caniforms_friends, gammafunk_ghost_hydra_chop,
          serial_forest, infiniplex_forest_diagonal,
          infiniplex_forest_clump_small, infiniplex_forest_clump_double,
          infiniplex_forest_fountain, infiniplex_forest_join,
          infiniplex_forest_clump_double
Snake:1:  layout_chambers
Snake:2:  layout_chambers, grunt_megastairs_5, minmay_shop_grove
Snake:3:  minmay_snake_river, layout_concentric_octagons,
          nicolae_snake_squiggles, nicolae_snake_gridmaze_big_u
Snake:4:  grunt_snake_rune_spirals, layout_onion, serial_bayou_shore_b

Skill      XL: |  1  2  3  4  5  6  7  8  9 10 11 12 13 14 15 16 17 |
---------------+----------------------------------------------------+-----
Axes           | 3 4 5 6 7 9 10 11 12 13 15 16 18 | 18.0
Evocations     | 2 3 5 7 8 9 10 | 10.3
Throwing       | 1 2 3 5 6 7 8 9 10 11 12 | 12.2
Dodging        | 2 4 6 7 8 9 11 | 11.0
Armour         | 4 6 7 8 9 10 11 | 11.0
Shields        | 4 6 7 8 9 10 | 10.1
Fighting       | 4 5 6 7 8 9 11 12 | 12.2
Invocations    | 11 12 | 12.0

Action                   |  1- 3 |  4- 6 |  7- 9 | 10-12 | 13-15 | 16-18 || total
-------------------------+-------+-------+-------+-------+-------+-------++-------
Melee: War axe           |    58 |       |       |       |       |       ||    58
       Broad axe         |    52 |   163 |   326 |   462 |   695 |   263 ||  1961
       Whip              |       |       |       |       |     4 |       ||     4
Throw: Boomerang         |       |       |       |    36 |    14 |    43 ||    93
       Javelin           |       |       |       |     3 |     2 |     8 ||    13
Invok: Lesser Servant of |       |       |       |       |     1 |     4 ||     5
Evoke: Wand              |       |       |       |     5 |    23 |     8 ||    36
       Condenser vane    |       |       |       |       |     2 |     1 ||     3
  Use: Scroll            |       |       |    19 |     8 |     7 |     6 ||    40
       Potion            |       |       |     1 |    11 |     6 |     3 ||    21
 Stab: Paralysed         |       |       |       |       |     4 |       ||     4
       Confused          |       |       |       |       |     1 |       ||     1
       Distracted        |       |       |       |       |       |     2 ||     2
       Invisible         |       |       |       |       |       |     2 ||     2
Armor: Scale mail        |    59 |       |       |       |       |       ||    59
       Plate armour      |       |   132 |   317 |    62 |       |       ||   511
       Chain mail        |       |       |       |    92 |       |       ||    92
       Swamp dragon scal |       |       |       |    70 |   223 |    57 ||   350
Dodge: Dodged            |    47 |    53 |   103 |   263 |   499 |   121 ||  1086
Block: Buckler           |    29 |    47 |    85 |   131 |   128 |       ||   420
       Kite shield       |       |       |       |       |   164 |    90 ||   254
       Tower shield      |       |       |       |       |       |   129 ||   129
